 Dungeon Crawl Stone Soup version 0.15.2 (webtiles) character file.

89 Huymann the Magician (level 4, 0/28 HPs)
             Began as a High Elf Wizard on Feb 18, 2015.
             Slain by a hound skeleton (2 damage)
             ... on Level 4 of the Dungeon.
             The game lasted 00:16:05 (2861 turns).

Huymann the Magician (High Elf Wizard)              Turns: 2861, Time: 00:16:05

HP   0/28        AC  2     Str  7      XL: 4   Next: 31%
MP   1/14        EV 13     Int 21      God:
Gold 114         SH  0     Dex 14      Spells:  4 memorised,  3 levels left

rFire  . . .     SeeInvis .     e - +0 short sword
rCold  . . .     Clarity  .     a - +0 robe
rNeg   . . .     rCorr    .     (no shield)
rPois  .         rRot     .     b - +0 hat
rElec  .         Spirit   .     (no cloak)
SustAb .         Warding  .     (no gloves)
rMut   .         Stasis   .     (no boots)
Gourm  .                        (no amulet)
MR     .....                    (no ring)
                                (no ring)

@: very slightly contaminated, not resistant to hostile enchantments, unstealthy
A: no striking features
a: no special abilities


You were on level 4 of the Dungeon.
You were not hungry.

You visited 1 branch of the dungeon, and saw 4 of its levels.

You collected 114 gold pieces.

Inventory:

Hand weapons
 e - a +0 short sword (weapon)
 o - a +0 hunting sling of flaming
 v - a +0 long sword
Missiles
 f - 21 arrows
 h - a javelin (quivered)
Armour
 a - a +0 robe (worn)
 b - a +0 hat (worn)
 r - a +0 robe
 s - a cursed +0 robe
Comestibles
 d - 2 bread rations
 k - a slice of pizza
 m - 2 rotting chunks of quokka flesh
 n - 2 meat rations
 p - a rotting chunk of adder flesh
 t - a chunk of giant cockroach flesh
Scrolls
 l - 3 scrolls of identify {unknown}
Potions
 g - a potion of flight {unknown}
 i - a potion of haste {unknown}
 j - a potion of agility {unknown}
 q - a potion of heal wounds {unknown}
 u - a potion of resistance {unknown}
Books
 c - a book of Minor Magic

   Spells                             Type                      Level
   *Magic Dart                        Conjuration                  1
   *Blink                             Translocation                2
   *Call Imp                          Summoning                    2
   Repel Missiles                     Charms/Air                   2
   Slow                               Hexes                        2
   Conjure Flame                      Conjuration/Fire             3
   *Mephitic Cloud                    Conjuration/Poison/Air       3


   Skills:
 * Level 1.2 Fighting
 * Level 1.4 Short Blades
 * Level 3.0 Dodging
 * Level 2.3 Stealth
 * Level 4.3 Spellcasting
 * Level 2.1 Conjurations
 + Level 1.1 Summonings
 + Level 1.1 Translocations


You had 3 spell levels left.
You knew the following spells:

 Your Spells              Type           Power        Failure   Level  Hunger
a - Magic Dart            Conj           ##..         6%          1    None
b - Blink                 Tloc           N/A          12%         2    #......
c - Call Imp              Summ           #.......     12%         2    #......
d - Mephitic Cloud        Conj/Pois/Air  #.......     30%         3    ###....


Dungeon Overview and Level Annotations

Branches:
Dungeon (4/15)
 Temple: D:4-7

Altars:

Annotations:
D:3 Sigmund


Message History

The gnoll barely misses the gnoll.
The gnoll is engulfed in noxious fumes.
The gnoll appears confused.
Your crimson imp closely misses the gnoll.
Your crimson imp disappears in a puff of smoke!
The gnoll is engulfed in noxious fumes.
You open the door.
A hound skeleton comes into view.
There is an open door here.
You close the door.
Casting: Mephitic Cloud
Confirm with . or Enter, or press ? or * to list all spells.
Aiming: Magic Dart
Press: ? - help, Shift-Dir - straight line, f - hound skeleton
Aim: a hound skeleton The magic dart hits the hound skeleton.
You hit the hound skeleton but do no damage.
The hound skeleton bites you but does no damage.
You hit the hound skeleton. The hound skeleton barely misses you.
The hound skeleton bites you.
You die...

.............#...#....g.......
+####+######..###+###.####'######
.##...######..###.###.###..###
...................#(.#......+
...................+).'......#
.##+####.###..######..##...###
.##..###.###..######..##...#####+
.........#.......#..........#.gg.
.........+.....Z@+..........')...
.##..##..##...#####+####..###)...
.##..##..##...# ###..# #....
.##..##..# . +....+ .....
.....##..## #....#......
.##..##...+ #....#..ยง...
.##..##..## ###+###+##..
.).......##.. .. ............. ..


You could see a hound skeleton.

Vanquished Creatures
  An adder (D:2)
  A giant gecko (D:2)
  4 bats
  8 hobgoblins
  3 jackals
  2 quokkas
  2 giant cockroaches
  3 giant newts
  2 goblins (D:1)
  8 kobolds
  5 rats
39 creatures vanquished.

Vanquished Creatures (collateral kills)
  Jessica (D:4)
  A gnoll (D:4)
  4 adders
  A bat (D:4)
  2 jackals (D:2)
  2 kobolds
  A quokka (D:3)
12 creatures vanquished.

Vanquished Creatures (others)
  A crimson imp (D:4)
  2 shadow imps
  A white imp (D:4)
4 creatures vanquished.

Grand Total: 55 creatures vanquished

Notes
Turn   | Place    | Note
--------------------------------------------------------------
     0 | D:1      | Huymann, the High Elf Wizard, began the quest for the Orb.
     0 | D:1      | Reached XP level 1. HP: 11/11 MP: 5/5
   851 | D:1      | Reached XP level 2. HP: 9/17 MP: 4/7
  1228 | D:1      | Reached skill level 4 in Spellcasting
  1326 | D:2      | Learned a level 2 spell: Blink
  1329 | D:2      | Learned a level 2 spell: Call Imp
  1626 | D:2      | Reached skill level 1 in Short Blades
  1626 | D:2      | Reached XP level 3. HP: 17/22 MP: 5/11
  1684 | D:2      | Reached skill level 1 in Summonings
  2419 | D:3      | Reached skill level 1 in Fighting
  2455 | D:3      | Noticed Jessica
  2458 | D:3      | Noticed Sigmund
  2479 | D:4      | Killed Jessica
  2479 | D:4      | Reached XP level 4. HP: 6/28 MP: 3/14
  2845 | D:4      | Learned a level 3 spell: Mephitic Cloud
  2848 | D:4      | HP: 1/28 [gnoll/whip (11)]
  2861 | D:4      | Slain by a hound skeleton

Action                   |  1- 3 |  4- 6 || total
-------------------------+-------+-------++-------
Melee: Short sword       |    66 |    18 ||    84
Throw: Javelin           |       |     1 ||     1
 Cast: Magic Dart        |    49 |     1 ||    50
       Call Imp          |    12 |     7 ||    19
       Blink             |     1 |       ||     1
       Mephitic Cloud    |       |     1 ||     1
  Use: Scroll            |     2 |       ||     2
 Stab: Sleeping          |     1 |     2 ||     3
  Eat: Chunk             |     5 |     1 ||     6
